 Dungeon Crawl Stone Soup version 0.27-a0-1232-gc6a4cbde82 (console) character file.

Game seed: 2188282669324269173

294 jejorda2 the Slasher (level 6, -1/49 HPs)
             Began as a Merfolk Berserker on June 9, 2021.
             Was a Believer of Trog.
             Slain by an orc
             ... wielding a +0 trident
              (7 damage)
             ... on level 3 of the Dungeon.
             The game lasted 00:04:50 (3459 turns).

jejorda2 the Slasher (Merfolk Berserker)            Turns: 3459, Time: 00:04:51

Health: -1/49      AC: 11    Str: 19    XL:     6   Next: 34%
Magic:  6/6        EV:  6    Int:  6    God:    Trog [**....]
Gold:   69         SH:  0    Dex: 14    Spells: 5/5 levels left

rFire    . . .     SeeInvis .   a - +0 falchion
rCold    . . .     Faith    .   (no shield)
rNeg     . . .     Spirit   .   g - +0 plate armour
rPois    .         Reflect  .   (no helmet)
rElec    .         Harm     .   (no cloak)
rCorr    .         Rampage  .   (no gloves)
Will     ++...                  (no boots)
Stlth    ..........             (no amulet)
HPRegen  1.16/turn              (no ring)
MPRegen  0.10/turn              (no ring)

@: strong-willed (expiring), on berserk cooldown, regenerating (expiring),
slowed, very slow
A: (nimble swimmer 2), mertail, sense surroundings 1, evolution 1
a: Renounce Religion, Berserk, Trog's Hand


You were on level 3 of the Dungeon.
You worshipped Trog.
Trog was pleased with you.
You visited 1 branch of the dungeon, and saw 3 of its levels.

You collected 69 gold pieces.

Inventory:

Hand Weapons
 a - a +0 falchion (weapon)
Missiles
 d - 3 boomerangs
 i - 25 poisoned darts (quivered)
Armour
 b - a +0 kite shield
 g - a +0 plate armour (worn)
Wands
 k - a wand of mindburst (15)
Scrolls
 c - 4 scrolls of fear {unknown}
 e - a scroll of enchant weapon {unknown}
 h - a scroll of noise {unknown}
 j - a scroll of torment {unknown}


   Skills:
 + Level 4.7 Fighting
 * Level 5.8 Long Blades
 + Level 2.6 Armour
 - Level 2.6 Dodging


You had 5 spell levels left.
You didn't know any spells.
Your spell library was empty.

Dungeon Overview and Level Annotations

Branches:
Dungeon (3/15)

Altars:


Innate Abilities, Weirdness & Mutations

((You are quick and stealthy near water. (Stealth+, EV+, Speed+++)))
Your lower body shifts to a powerful aquatic tail in water.
You passively map a small area around you.
You evolve.


Message History

You closely miss the orc.
You are no longer berserk.
You are exhausted.
You feel yourself slow down.
You feel sick. The orc closely misses you. The orc hits you but does no damage.
You barely miss the orc.
You feel very sick. The orc hits you but does no damage. x4
You hit the orc.
The orc is heavily wounded.
You feel very sick. The orc hits you but does no damage. x2
It was a potion of mutation.
You feel extremely strange.
You feel a strange attunement to the structure of the dungeons.
You feel nature experimenting on you.
Don't worry, failures die fast.
You feel sick. The orc hits you but does no damage. The orc barely misses you.
The orc hits you from afar with a +0 trident.
* * * LOW HITPOINT WARNING * * *
The orc hits you with a +0 club.
* * * LOW HITPOINT WARNING * * *
Unknown command.
Unknown command.
You hit the orc but do no damage.
The orc is heavily wounded.
You feel sick. The orc hits you but does no damage. The orc barely misses you.
You riposte.
You barely miss the orc.
The orc is moderately wounded.
You completely miss the orc.
The orc is moderately wounded.
You feel the effects of Trog's Hand fading.
You feel sick.
The orc hits you from afar with a +0 trident.
* * * LOW HITPOINT WARNING * * *
The orc closely misses you. The orc hits you but does no damage. x2
You hit the orc.
The orc is heavily wounded.
You feel sick.
You are no longer poisoned.
The orc hits you from afar with a +0 trident!
You die...

.....# ## * ..... * # .
##.#.# #. # #.##....#
#.# # , ...#?.# #.# # ,
#....####.###* * ,
#.o........ **#o# #..#
*, #@# #..# #)#
#..########## #.#####.#
#............ *
........####.###########
#............#
##############


You could see 2 orcs.

Vanquished Creatures
  Sigmund (D:3)
  A bullfrog skeleton (D:3)
  An adder (D:2)
  3 worms
  2 dart slugs
  4 orcs (D:3)
  7 ball pythons
  7 bats
  3 endoplasms
  3 giant cockroaches
  5 goblins
  4 hobgoblins
  18 jackals
  2 quokkas
  3 frilled lizards
  9 kobolds
  5 rats
78 creatures vanquished.

Notes
Turn   | Place    | Note
-------+----------+-------------------------------------------
     0 | D:1      | jejorda2 the Merfolk Berserker began the quest for the Orb.
     0 | D:1      | Reached XP level 1. HP: 18/18 MP: 1/1
   307 | D:1      | Reached XP level 2. HP: 24/24 MP: 2/2
   400 | D:1      | Found a faded altar of an unknown god.
   422 | D:1      | You fall into a shaft and drop 1 floor!
   447 | D:2      | Reached skill level 4 in Long Blades
   447 | D:2      | Reached XP level 3. HP: 19/29 MP: 3/3
   778 | D:2      | Reached ** piety under Trog
  1498 | D:2      | Reached XP level 4. HP: 37/37 MP: 4/4
  2959 | D:3      | Reached XP level 5. HP: 31/42 MP: 5/5
  3329 | D:3      | Reached skill level 5 in Long Blades
  3428 | D:3      | Noticed Sigmund
  3447 | D:3      | Killed Sigmund
  3448 | D:3      | Reached XP level 6. HP: 35/49 MP: 6/6
  3456 | D:3      | Gained mutation: You passively map a small area around you.
                  | [potion of mutation]
  3456 | D:3      | Gained mutation: You evolve. [potion of mutation]
  3459 | D:3      | Slain by an orc

Illustrated notes

Levels and vault maps discovered:
D:1:      dpeg_arrival_round_c, layout_basic, shapermc_ecumenical_altar_venn
D:2:      layout_loops_ring
D:3:      layout_loops_ring, uniq_sigmund

Skill      XL: |  1  2  3  4  5 |
---------------+----------------+-----
Long Blades    | 4 5 |  5.8
Armour         | 2 |  2.6
Fighting       | 4 |  4.7
Dodging        | |  2.6

Action                   |  1- 3 |  4- 6 || total
-------------------------+-------+-------++-------
Melee: Falchion          |   106 |   146 ||   252
Invok: Berserk           |     3 |     1 ||     4
       Trog's Hand       |       |     1 ||     1
  Use: Potion            |       |     1 ||     1
 Stab: Sleeping          |     1 |       ||     1
Armor: Animal skin       |    21 |     1 ||    22
       Plate armour      |       |   113 ||   113
Dodge: Dodged            |    74 |    64 ||   138
       Rpst.: Falchion   |    22 |    22 ||    44

Table legend: (Time is in decaauts)
 A = Elapsed time spent in this place.
 B = Non-inter-level travel time spent in this place.
 C = Inter-level travel time spent in this place.
 D = Time resting spent in this place.
 E = Time spent auto-exploring this place.
 F = Levels seen in this place.
 G = Mean time per level.
                   A        B        C        D        E       F      G
               +--------+--------+--------+--------+--------+-----+--------+
         Total |   3498 |   3420 |     78 |    271 |   2594 |   3 | 1166.0 |
       Dungeon |   3498 |   3420 |     78 |    271 |   2594 |   3 | 1166.0 |
               +--------+--------+--------+--------+--------+-----+--------+

Top non-repeatable levels by time:
     D:2: 1543 daAuts
     D:1: 1380 daAuts
     D:3: 574 daAuts
